 Dungeon Crawl Stone Soup version 0.25-a0-424-g80bd347ae0 (console) character file.

Game seed: 5239513991717913345, levelgen mode: deterministic

12 Asser the Ogre Mage (level 2, -2/24 HPs)
             Began as an Ogre Wizard on Jan 23, 2020.
             Slain by a hobgoblin (4 damage)
             ... on level 2 of the Dungeon.
             The game lasted 00:03:24 (390 turns).

Asser the Ogre Mage (Ogre Wizard)                    Turns: 390, Time: 00:03:24

Health: -2/24      AC:  3    Str: 10    XL:     2   Next: 33%
Magic:  0/7        EV: 10    Int: 19    God:
Gold:   39         SH:  0    Dex:  7    Spells: 8/9 levels left

rFire    . . .     SeeInvis .   c - +0 club
rCold    . . .     Gourm    .   (no shield)
rNeg     . . .     Faith    .   a - +0 robe
rPois    .         Spirit   .   b - +0 hat
rElec    .         Reflect  .   (no cloak)
rCorr    .         Harm     .   (gloves unavailable)
MR       .....                  (boots unavailable)
Stlth    +.........             (no amulet)
HPRegen  0.08/turn              (no ring)
MPRegen  0.10/turn              (no ring)

@: slowed, very slow
A: large, unfitting armour, tough skin 1
a: no special abilities


You were on level 2 of the Dungeon.
You were not hungry.

You visited 1 branch of the dungeon, and saw 2 of its levels.

You collected 39 gold pieces.

Inventory:

Hand Weapons
 c - a +0 club (weapon)
Armour
 a - a +0 robe (worn)
 b - a +0 hat (worn)
Comestibles
 d - 2 rations


   Skills:
 + Level 2.0 Dodging
 - Level 1.4 Stealth
 + Level 4.2 Spellcasting
 + Level 0.8 Conjurations
   Level 0.8 Summonings
   Level 0.8 Translocations


You had 8 spell levels left.
You knew the following spells:

 Your Spells              Type           Power        Failure   Level  Hunger
a - Magic Dart            Conj           #...         10%         1    None

Your spell library contained the following spells:

 Spells                   Type           Power        Failure   Level  Hunger
 Blink                    Tloc           N/A          14%         2    #......
 Call Imp                 Summ           #.......     14%         2    #......
 Slow                     Hex            #.......     21%         2    #......
 Conjure Flame            Conj/Fire      #.......     34%         3    ###....
 Mephitic Cloud           Conj/Pois/Air  #.......     34%         3    ###....


Dungeon Overview and Level Annotations

Branches:
Dungeon (2/15)

Altars:

Annotations:
D:2 Natasha


Innate Abilities, Weirdness & Mutations

You are too large for most types of armour.
You have tough skin. (AC +1)


Message History

Natasha stares at you and mumbles some strange words.
The magic dart hits you.
* * * LOW HITPOINT WARNING * * *
The hobgoblin hits you.
* * * LOW HITPOINT WARNING * * *
The jackal barely misses you.
Casting: Magic Dart (safe; 10% risk of failure)
Confirm with . or Enter, or press ? or * to list all spells.
Aiming: Magic Dart (safe; 10% risk of failure)
Press: ? - help, Shift-Dir - straight line, f - hobgoblin
Aim: a hobgoblin (moderately wounded)
The magic dart hits the hobgoblin but does no damage.
The hobgoblin is moderately wounded.
The jackal bites you.
* * * LOW HITPOINT WARNING * * *
The hobgoblin hits you but does no damage.
The jackal bites you.
* * * LOW HITPOINT WARNING * * *
The hobgoblin hits you.
You die...

#........#
#........#
#........#
#........#
#...$...!#
#......h.#
#.......g#
#......@.#
#....)..h#
###+###+##


You could see Natasha, a jackal and a hobgoblin.

Vanquished Creatures
  A leopard gecko (D:1)
  A giant cockroach (D:1)
  A hobgoblin (D:1)
  2 jackals
  2 bats (D:1)
  2 kobolds (D:1)
  2 rats (D:1)
11 creatures vanquished.

Notes
Turn   | Place    | Note
-------+----------+-------------------------------------------
     0 | D:1      | Asser the Ogre Wizard began the quest for the Orb.
     0 | D:1      | Reached XP level 1. HP: 16/16 MP: 5/5
   267 | D:1      | Reached skill level 4 in Spellcasting
   344 | D:1      | Reached XP level 2. HP: 24/24 MP: 4/7
   385 | D:2      | Noticed Natasha
   390 | D:2      | Slain by a hobgoblin

Levels and vault maps discovered:
D:1:      co_arrival_square_in_a_square_in_a_square, layout_basic
D:2:      layout_basic, first_ration, roderic_roman_lattice,
          minmay_fractal_squares_5, uniq_natasha

Skill      XL: |  1  2 |
---------------+-------+-----
Spellcasting   | 4 |  4.2
Dodging        | 2 |  2.0
Stealth        | |  1.4
Conjurations   | |  0.8
Summonings     | |  0.8
Translocations | |  0.8

Action                   || total
-------------------------++-------
Melee: Unarmed           ||    10
       Club              ||    11
 Cast: Magic Dart        ||    29
  Use: Scroll            ||     1
Armor: Robe              ||    11
Dodge: Dodged            ||    39

Table legend:
 A = Non-vault XP
 B = Vault XP
 C = Vault XP percentage of total XP
 D = Non-vault monster count
 E = Vault monster count
 F = Vault count percentage of total count
                 A         B        C        D         E       F
            +---------+---------+-------+---------+---------+-------
      Total |      18 |       0 |   0.0 |      11 |       0 |   0.0
            +---------+---------+-------+---------+---------+-------
        D:1 |      16 |       0 |   0.0 |      10 |       0 |   0.0
        D:2 |       2 |       0 |   0.0 |       1 |       0 |   0.0
            +---------+---------+-------+---------+---------+-------
